| TOP OF THE 1ST |
|
Colorado (EL) Rockies batting - Pitching for Pensacola Blue Wahoos : LHP Katsusuke Suyama
|
|
Pitching: LHP Katsusuke Suyama
|
|
|
Batting: RHB Matt Fabre
|
0-0: SINGLE (Groundball, 6MD, EV 105.6 MPH)
|
|
Batting: RHB Matt Wheaton
|
0-0: Called Strike 0-1: Grounds into double play, 6-4-3 (Groundball, 6, EV 80.6 MPH)
|
|
Batting: RHB John Michener
|
0-0: Fly out, F9 (Flyball, 89D, EV 101.9 MPH)
|
| Top of the 1st over - 0 runs, 1 hit, 0 errors, 0 left on base; Colorado (EL) 0 - Pensacola 0 |
| BOTTOM OF THE 1ST |
|
Pensacola Blue Wahoos batting - Pitching for Colorado (EL) Rockies : LHP Steve Ransom
|
|
Pitching: LHP Steve Ransom
|
|
|
Batting: RHB Solange Le Coq
|
0-0: Called Strike 0-1: Ball 1-1: Ball 2-1: DOUBLE (Line Drive, 7LM, EV 104.4 MPH)
|
|
Batting: SHB Jared Thomas
|
0-0: Ball 1-0: Ball 2-0: Ball 3-0: Base on Balls
|
|
Batting: RHB Joseph Kirchmann
|
0-0: Called Strike 0-1: Ball 1-1: Called Strike 1-2: Foul Ball, location: 2F 1-2: Fly out, F8 (Flyball, 8RM, EV 83.8 MPH)
|
|
Batting: RHB Danny Powell
|
0-0: Called Strike 0-1: Fielders Choice at 2nd, 6-4 (Groundball, 6, EV 82.5 MPH) Solange Le Coq to third
|
|
Batting: RHB Jose Caraballo
|
0-0: Ball 1-0: Ball 2-0: Swinging Strike 2-1: Foul Ball, location: 2F 2-2: Strikes out looking
|
| Bottom of the 1st over - 0 runs, 1 hit, 0 errors, 2 left on base; Colorado (EL) 0 - Pensacola 0 |
| TOP OF THE 2ND |
|
Colorado (EL) Rockies batting - Pitching for Pensacola Blue Wahoos : LHP Katsusuke Suyama
|
|
Batting: LHB Eric Ludwig
|
0-0: Ball 1-0: Foul Ball, location: 2F 1-1: Ball 2-1: Called Strike 2-2: Ground out 6-3 (Groundball, 4M, EV 83.8 MPH)
|
|
Batting: RHB R.J. Anchondo
|
0-0: Ground out 6-3 (Groundball, 56D, EV 103.1 MPH)
|
|
Batting: SHB Jon Munoz
|
0-0: Fly out, F9 (Flyball, 9LM, EV 89.4 MPH)
|
| Top of the 2nd over - 0 runs, 0 hits, 0 errors, 0 left on base; Colorado (EL) 0 - Pensacola 0 |
| BOTTOM OF THE 2ND |
|
Pensacola Blue Wahoos batting - Pitching for Colorado (EL) Rockies : LHP Steve Ransom
|
|
Batting: LHB Manny Ruvalcaba
|
0-0: Called Strike 0-1: Foul Ball, location: 2F 0-2: SINGLE (Groundball, 4MD, EV 108.8 MPH)
|
|
Batting: RHB Chris Holland
|
0-0: Ball 1-0: Ball 2-0: SINGLE (Groundball, 56D, EV 98.1 MPH) Manny Ruvalcaba to second
|
|
Batting: LHB Steven Wamble
|
0-0: Ball 1-0: Ball 2-0: Ball 3-0: SINGLE (Line Drive, 7S, EV 95.6 MPH) Manny Ruvalcaba to third Chris Holland to second Runner from 3rd tries for Home, SAFE, throw by LF to home
|
|
Batting: LHB James Himes
|
0-0: Ball 1-0: Swinging Strike 1-1: Ball 2-1: Swinging Strike 2-2: Foul Ball, location: 2F 2-2: Foul Ball, location: 2F 2-2: Ball 3-2: Strikes out swinging
|
|
Batting: RHB Solange Le Coq
|
0-0: Ball 1-0: Ball 2-0: Foul Ball, location: 2F 2-1: Swinging Strike 2-2: Foul Ball, location: 2F 2-2: SINGLE (Groundball, 5S, EV 75.6 MPH) (infield hit) Chris Holland to third Steven Wamble to second
|
|
Batting: SHB Jared Thomas
|
0-0: Ball 1-0: Ball 2-0: Swinging Strike 2-1: Called Strike 2-2: Grounds into fielders choice 1-2 (Groundball, P, EV 68.1 MPH) Steven Wamble to third Solange Le Coq to second
|
|
Batting: RHB Joseph Kirchmann
|
0-0: Ball 1-0: Foul Ball, location: 2F 1-1: SINGLE (Groundball, 56D, EV 95.6 MPH) Steven Wamble scores Solange Le Coq to third Jared Thomas to second Runner from 3rd tries for Home, throw by LF and OUT! 7-2
|
| Bottom of the 2nd over - 2 runs, 5 hits, 0 errors, 2 left on base; Colorado (EL) 0 - Pensacola 2 |
| TOP OF THE 3RD |
|
Colorado (EL) Rockies batting - Pitching for Pensacola Blue Wahoos : LHP Katsusuke Suyama
|
|
Batting: RHB Max Schellekens
|
0-0: Swinging Strike 0-1: Swinging Strike 0-2: Ball 1-2: Foul Ball, location: 2F 1-2: Ball 2-2: Ball 3-2: Foul Ball, location: 2F 3-2: Ground out 1-3 (Groundball, 15S, EV 66.9 MPH)
|
|
Batting: SHB Chris Besselman
|
0-0: Foul Ball, location: 2F 0-1: Called Strike 0-2: Ball 1-2: Foul Ball, location: 2F 1-2: Strikes out swinging
|
|
Batting: RHB Jerry Edmiston
|
0-0: Called Strike 0-1: Swinging Strike 0-2: Strikes out swinging
|
| Top of the 3rd over - 0 runs, 0 hits, 0 errors, 0 left on base; Colorado (EL) 0 - Pensacola 2 |
| BOTTOM OF THE 3RD |
|
Pensacola Blue Wahoos batting - Pitching for Colorado (EL) Rockies : LHP Steve Ransom
|
|
Batting: RHB Danny Powell
|
0-0: Called Strike 0-1: Ball 1-1: Ball 2-1: Ground out U3 (Groundball, 34, EV 84.4 MPH)
|
|
Batting: RHB Jose Caraballo
|
0-0: SINGLE (Line Drive, 8LS, EV 88.1 MPH)
|
|
Batting: LHB Manny Ruvalcaba
|
0-0: Called Strike 0-1: Swinging Strike 0-2: Strikes out swinging
|
|
Batting: RHB Chris Holland
|
0-0: Ball 1-0: Foul Ball, location: 2F 1-1: Ball 2-1: Foul Ball, location: 2F 2-2: Ball 3-2: Strikes out looking
|
| Bottom of the 3rd over - 0 runs, 1 hit, 0 errors, 1 left on base; Colorado (EL) 0 - Pensacola 2 |
| TOP OF THE 4TH |
|
Colorado (EL) Rockies batting - Pitching for Pensacola Blue Wahoos : LHP Katsusuke Suyama
|
|
Batting: RHB Matt Fabre
|
0-0: Ball 1-0: Called Strike 1-1: Ball 2-1: Ball 3-1: Foul Ball, location: 2F 3-2: Foul Ball, location: 2F 3-2: Base on Balls
|
|
Batting: RHB Matt Wheaton
|
0-0: Swinging Strike 0-1: Ball 1-1: Ball 2-1: Ball 3-1: 2-RUN HOME RUN (Flyball, 7D, EV 94.4 MPH), Distance : 384 ft
|
|
Batting: RHB John Michener
|
0-0: SINGLE (Groundball, 34D, EV 96.9 MPH)
|
|
Batting: LHB Eric Ludwig
|
0-0: Called Strike 0-1: Ball 1-1: Ball 2-1: Foul Ball, location: 2F 2-2: Fly out, F4 (Line Drive, 34, EV 81.9 MPH)
|
|
Batting: RHB R.J. Anchondo
|
0-0: Called Strike 0-1: Ball 1-1: Ball John Michener steals 2nd base 2-1: Foul Ball, location: 2F 2-2: Ground out 6-3 (Groundball, 6S, EV 74.4 MPH) John Michener to third
|
|
Now at SS: Pedro Pinero
|
|
|
Batting: SHB Jon Munoz
|
0-0: Foul Ball, location: 2F 0-1: Ball 1-1: Ground out U3 (Groundball, 3, EV 94.4 MPH)
|
| Top of the 4th over - 2 runs, 2 hits, 0 errors, 1 left on base; Colorado (EL) 2 - Pensacola 2 |
| BOTTOM OF THE 4TH |
|
Pensacola Blue Wahoos batting - Pitching for Colorado (EL) Rockies : LHP Steve Ransom
|
|
Batting: LHB Steven Wamble
|
0-0: Ground out U3 (Groundball, 3S, EV 85.6 MPH)
|
|
Batting: RHB Pedro Pinero
|
0-0: Foul Ball, location: 2F 0-1: Foul Ball, location: 2F 0-2: SINGLE (Groundball, 6MD, EV 106.2 MPH)
|
|
Batting: RHB Solange Le Coq
|
0-0: Ball 1-0: Ball 2-0: Ball 3-0: Called Strike 3-1: Base on Balls Pedro Pinero to second
|
|
Batting: SHB Jared Thomas
|
0-0: Swinging Strike 0-1: Ball 1-1: Called Strike 1-2: Ball 2-2: Strikes out swinging
|
|
Batting: RHB Joseph Kirchmann
|
0-0: Ball 1-0: SINGLE (Groundball, 6MD, EV 97.5 MPH) Pedro Pinero to third Solange Le Coq to second Runner from 3rd tries for Home, SAFE, throw by CF to home
|
|
Batting: RHB Danny Powell
|
0-0: Foul Ball, location: 2F 0-1: Ball 1-1: Foul Ball, location: 2F 1-2: Strikes out swinging
|
| Bottom of the 4th over - 1 run, 2 hits, 0 errors, 2 left on base; Colorado (EL) 2 - Pensacola 3 |
| TOP OF THE 5TH |
|
Colorado (EL) Rockies batting - Pitching for Pensacola Blue Wahoos : LHP Katsusuke Suyama
|
|
Batting: RHB Max Schellekens
|
0-0: Ground out 4-3 (Groundball, 4, EV 81.2 MPH)
|
|
Batting: SHB Chris Besselman
|
0-0: Called Strike 0-1: Ball 1-1: Foul Ball, location: 2F 1-2: Ball 2-2: Strikes out swinging
|
|
Batting: RHB Jerry Edmiston
|
0-0: Ball 1-0: Foul Ball, location: 2F 1-1: Called Strike 1-2: Ball 2-2: Ball 3-2: Strikes out looking
|
| Top of the 5th over - 0 runs, 0 hits, 0 errors, 0 left on base; Colorado (EL) 2 - Pensacola 3 |
| BOTTOM OF THE 5TH |
|
Pensacola Blue Wahoos batting - Pitching for Colorado (EL) Rockies : LHP Steve Ransom
|
|
Batting: RHB Jose Caraballo
|
0-0: Ball 1-0: Ground out 5-3 (Groundball, 56, EV 84.4 MPH)
|
|
Batting: LHB Manny Ruvalcaba
|
0-0: Ground out U3 (Groundball, 3, EV 110.0 MPH)
|
|
Batting: RHB Chris Holland
|
0-0: Called Strike 0-1: Ball 1-1: Ball 2-1: Ball 3-1: Base on Balls
|
|
Batting: LHB Steven Wamble
|
0-0: Foul Ball, location: 2F 0-1: Called Strike 0-2: Ball 1-2: Strikes out swinging
|
| Bottom of the 5th over - 0 runs, 0 hits, 0 errors, 1 left on base; Colorado (EL) 2 - Pensacola 3 |
| TOP OF THE 6TH |
|
Colorado (EL) Rockies batting - Pitching for Pensacola Blue Wahoos : LHP Katsusuke Suyama
|
|
Batting: RHB Matt Fabre
|
0-0: Called Strike 0-1: Ball 1-1: Ball 2-1: Ball 3-1: Swinging Strike 3-2: Ground out 5-3 (Groundball, 56, EV 108.1 MPH)
|
|
Batting: RHB Matt Wheaton
|
0-0: Ground out 5-3 (Groundball, 56S, EV 91.2 MPH)
|
|
Batting: RHB John Michener
|
0-0: Swinging Strike 0-1: Foul Ball, location: 2F 0-2: Ball 1-2: Fly out, F8 (Flyball, 78M, EV 98.8 MPH)
|
| Top of the 6th over - 0 runs, 0 hits, 0 errors, 0 left on base; Colorado (EL) 2 - Pensacola 3 |
| BOTTOM OF THE 6TH |
|
Pensacola Blue Wahoos batting - Pitching for Colorado (EL) Rockies : LHP Steve Ransom
|
|
Pitching: LHP Rich Byrd
|
|
|
Batting: RHB Pedro Pinero
|
0-0: Called Strike 0-1: Ball 1-1: Fly out, F6 (Flyball, 56D, EV 85.6 MPH)
|
|
Batting: RHB Solange Le Coq
|
0-0: Ball 1-0: Fly out, F7 (Flyball, 7, EV 85.0 MPH)
|
|
Batting: SHB Jared Thomas
|
0-0: Ball 1-0: Foul Ball, location: 2F 1-1: Foul Ball, location: 2F 1-2: Strikes out looking
|
| Bottom of the 6th over - 0 runs, 0 hits, 0 errors, 0 left on base; Colorado (EL) 2 - Pensacola 3 |
| TOP OF THE 7TH |
|
Colorado (EL) Rockies batting - Pitching for Pensacola Blue Wahoos : LHP Katsusuke Suyama
|
|
Batting: LHB Eric Ludwig
|
0-0: Ball 1-0: Ball 2-0: Ball 3-0: Called Strike 3-1: Foul Ball, location: 2F 3-2: Foul Ball, location: 2F 3-2: Ground out 4-3 (Groundball, 4, EV 108.1 MPH)
|
|
Batting: RHB R.J. Anchondo
|
0-0: Called Strike 0-1: Called Strike 0-2: Ball 1-2: Foul Ball, location: 2F 1-2: Fly out, F8 (Flyball, 8LXD, EV 100.6 MPH)
|
|
Batting: SHB Jon Munoz
|
0-0: Ball 1-0: Foul Ball, location: 2F 1-1: Foul Ball, location: 2F 1-2: Ball 2-2: Foul Ball, location: 2F 2-2: Ball 3-2: Base on Balls
|
|
Batting: RHB Max Schellekens
|
0-0: Called Strike 0-1: Foul Ball, location: 2F 0-2: Ball 1-2: Foul Ball, location: 2F 1-2: Ball 2-2: Fly out, F8 (Flyball, 8LS, EV 88.1 MPH)
|
| Top of the 7th over - 0 runs, 0 hits, 0 errors, 1 left on base; Colorado (EL) 2 - Pensacola 3 |
| BOTTOM OF THE 7TH |
|
Pensacola Blue Wahoos batting - Pitching for Colorado (EL) Rockies : LHP Rich Byrd
|
|
Batting: RHB Joseph Kirchmann
|
0-0: Fly out, F4 (Popup, 4M, EV 52.5 MPH)
|
|
Batting: RHB Danny Powell
|
0-0: Foul Ball, location: 2F 0-1: Ball 1-1: Ball 2-1: DOUBLE (Flyball, 8RXD, EV 111.2 MPH)
|
|
Batting: RHB Jose Caraballo
|
0-0: Intentional Walk
|
|
Batting: LHB Manny Ruvalcaba
|
0-0: Called Strike Danny Powell steals 3rd base (no throw) 0-1: Swinging Strike 0-2: 3-RUN HOME RUN (Flyball, 9D, EV 98.1 MPH), Distance : 377 ft
|
|
Pitching: RHP Ronnie DeVries
|
|
|
Batting: RHB Chris Holland
|
0-0: Called Strike 0-1: Ball 1-1: Foul Ball, location: 2F 1-2: Strikes out swinging passed ball, reaches first!
|
|
Batting: LHB Steven Wamble
|
0-0: Ball 1-0: Called Strike 1-1: Fielders Choice at 2nd, 4-6 (Groundball, 4, EV 89.4 MPH)
|
|
Batting: RHB Pedro Pinero
|
0-0: Ball 1-0: Called Strike 1-1: Fly out, F9 (Flyball, 9S, EV 88.8 MPH)
|
| Bottom of the 7th over - 3 runs, 2 hits, 0 errors, 1 left on base; Colorado (EL) 2 - Pensacola 6 |
| TOP OF THE 8TH |
|
Colorado (EL) Rockies batting - Pitching for Pensacola Blue Wahoos : LHP Katsusuke Suyama
|
|
Pitching: RHP Mario Quezada
|
|
|
Batting: SHB Chris Besselman
|
0-0: Ball 1-0: Ground out 6-3 (Groundball, 6, EV 93.1 MPH)
|
|
Batting: RHB Jerry Edmiston
|
0-0: Ball 1-0: Foul Ball, location: 2F 1-1: Foul Ball, location: 2F 1-2: Ball 2-2: SOLO HOME RUN (Flyball, 78XD, EV 103.8 MPH), Distance : 410 ft
|
|
Batting: RHB Matt Fabre
|
0-0: Ball 1-0: SINGLE (Groundball, 6M, EV 101.9 MPH) (infield hit)
|
|
Batting: RHB Matt Wheaton
|
0-0: Ball 1-0: Ball 2-0: Ball 3-0: Called Strike 3-1: Base on Balls Matt Fabre to second
|
|
Batting: RHB John Michener
|
0-0: Ball 1-0: Called Strike 1-1: Ball 2-1: Foul Ball, location: 2F 2-2: Strikes out swinging
|
|
Batting: LHB Eric Ludwig
|
0-0: Ball 1-0: Foul Ball, location: 2F 1-1: Fly out, F3 (Popup, 3F, EV 75.6 MPH)
|
| Top of the 8th over - 1 run, 2 hits, 0 errors, 2 left on base; Colorado (EL) 3 - Pensacola 6 |
| BOTTOM OF THE 8TH |
|
Pensacola Blue Wahoos batting - Pitching for Colorado (EL) Rockies : RHP Ronnie DeVries
|
|
Batting: RHB Solange Le Coq
|
0-0: Foul Ball, location: 2F 0-1: Ball 1-1: SINGLE (Groundball, 6MD, EV 97.5 MPH)
|
|
Batting: SHB Jared Thomas
|
0-0: Ball 1-0: Bunt missed! 1-1: Ball 2-1: Bunt missed! 2-2: Foul Ball, location: 2F 2-2: SINGLE (Groundball, 6S, EV 65.6 MPH) (infield hit) Solange Le Coq to second
|
|
Batting: RHB Joseph Kirchmann
|
0-0: Ball Solange Le Coq steals 3rd base 1-0: Ball 2-0: Ball 3-0: Swinging Strike 3-1: Reached via error on a dropped throw from P, E6 (Groundball, 13S, EV 71.2 MPH) Solange Le Coq scores Jared Thomas to second
|
|
Batting: RHB Danny Powell
|
0-0: Ball 1-0: Fielders Choice at 2nd, 6-4 (Groundball, 6, EV 87.5 MPH) Jared Thomas to third
|
|
Batting: RHB Jose Caraballo
|
0-0: Called Strike 0-1: Swinging Strike 0-2: Strikes out swinging
|
|
Batting: LHB Manny Ruvalcaba
|
0-0: Ball 1-0: Swinging Strike 1-1: Ball 2-1: Swinging Strike 2-2: Strikes out swinging
|
| Bottom of the 8th over - 1 run, 2 hits, 1 error, 2 left on base; Colorado (EL) 3 - Pensacola 7 |
| TOP OF THE 9TH |
|
Colorado (EL) Rockies batting - Pitching for Pensacola Blue Wahoos : RHP Mario Quezada
|
|
Pitching: RHP Chris Stewart
|
|
|
Now at 1B: Ernie Noiles
|
|
|
Batting: RHB R.J. Anchondo
|
0-0: Ball 1-0: Ball 2-0: Called Strike 2-1: Ground out 6-3 (Groundball, 6, EV 91.2 MPH)
|
|
Batting: SHB Jon Munoz
|
0-0: Ball 1-0: Ball 2-0: Foul Ball, location: 2F 2-1: SINGLE (Groundball, 56S, EV 60.0 MPH) (infield hit)
|
|
Batting: RHB Max Schellekens
|
0-0: Called Strike 0-1: Ball 1-1: Ball 2-1: Foul Ball, location: 2F 2-2: SINGLE (Groundball, 56D, EV 108.8 MPH) Jon Munoz to second
|
|
Pitching: RHP Ben Jennings
|
|
|
Batting: SHB Chris Besselman
|
0-0: Ball 1-0: Ball 2-0: Foul Ball, location: 2F 2-1: Foul Ball, location: 2F 2-2: Ball 3-2: Base on Balls Jon Munoz to third Max Schellekens to second
|
|
Pinch Hitting: LHB Tony Ponce
|
0-0: Foul Ball, location: 2F 0-1: Ball 1-1: Ball Passed Ball! Jon Munoz scores Max Schellekens to third Chris Besselman to second 2-1: DOUBLE (Flyball, 8LXD, EV 88.8 MPH) Max Schellekens scores Chris Besselman scores
|
|
Batting: RHB Matt Fabre
|
0-0: Foul Ball, location: 2F 0-1: DOUBLE (Groundball, 5L, EV 103.1 MPH) Tony Ponce scores
|
|
Batting: RHB Matt Wheaton
|
0-0: Foul Ball, location: 2F 0-1: Called Strike 0-2: Ball 1-2: Strikes out swinging
|
|
Batting: RHB John Michener
|
0-0: Ball 1-0: Fly out, F8 (Line Drive, 8LM, EV 103.1 MPH)
|
| Top of the 9th over - 4 runs, 4 hits, 0 errors, 1 left on base; Colorado (EL) 7 - Pensacola 7 |
| BOTTOM OF THE 9TH |
|
Pensacola Blue Wahoos batting - Pitching for Colorado (EL) Rockies : RHP Ronnie DeVries
|
|
Pitching: LHP Bill Ogren
|
|
|
Now at C: Tony Ponce
|
|
|
Batting: RHB Chris Holland
|
0-0: Ball 1-0: Foul Ball, location: 2F 1-1: Ball 2-1: Fly out, F6 (Flyball, 56D, EV 85.6 MPH)
|
|
Batting: LHB Steven Wamble
|
0-0: Called Strike 0-1: Swinging Strike 0-2: Ball 1-2: Foul Ball, location: 2F 1-2: Foul Ball, location: 2F 1-2: Ball 2-2: Strikes out looking
|
|
Batting: RHB Pedro Pinero
|
0-0: Foul Ball, location: 2F 0-1: Ball 1-1: Foul Ball, location: 2F 1-2: Ball 2-2: Strikes out swinging
|
| Bottom of the 9th over - 0 runs, 0 hits, 0 errors, 0 left on base; Colorado (EL) 7 - Pensacola 7 |
| TOP OF THE 10TH |
|
Colorado (EL) Rockies batting - Pitching for Pensacola Blue Wahoos : RHP Ben Jennings
|
|
Pitching: RHP Brett Cooke
|
|
|
Batting: LHB Eric Ludwig
|
0-0: Ball 1-0: Called Strike 1-1: Ground out 6-3 (Groundball, 6M, EV 100.0 MPH)
|
|
Batting: RHB R.J. Anchondo
|
0-0: Ball 1-0: Ball 2-0: Ball 3-0: Ground out 5-3 (Groundball, 5L, EV 101.2 MPH)
|
|
Batting: SHB Jon Munoz
|
0-0: Called Strike 0-1: Ball 1-1: DOUBLE (Line Drive, 78XD, EV 104.4 MPH)
|
|
Batting: RHB Max Schellekens
|
0-0: Ball 1-0: Ball 2-0: SINGLE (Groundball, 6MD, EV 97.5 MPH) Jon Munoz to third Runner from 3rd tries for Home, SAFE, throw by CF to home
|
|
Batting: SHB Chris Besselman
|
0-0: Fly out, F7 (Flyball, 7, EV 72.5 MPH)
|
| Top of the 10th over - 1 run, 2 hits, 0 errors, 1 left on base; Colorado (EL) 8 - Pensacola 7 |
| BOTTOM OF THE 10TH |
|
Pensacola Blue Wahoos batting - Pitching for Colorado (EL) Rockies : LHP Bill Ogren
|
|
Pitching: RHP Terry Huffmaster
|
|
|
Now at C: Chris Besselman
|
|
|
Now at 2B: Nick Rang
|
|
|
Now at SS: Jon Munoz
|
|
|
Batting: RHB Solange Le Coq
|
0-0: Foul Ball, location: 2F 0-1: Ball 1-1: Ball 2-1: Fly out, F8 (Flyball, 8LS, EV 90.0 MPH)
|
|
Batting: SHB Jared Thomas
|
0-0: Ball 1-0: Ball 2-0: Called Strike 2-1: Foul Ball, location: 2F 2-2: Strikes out swinging
|
|
Batting: RHB Joseph Kirchmann
|
0-0: Called Strike 0-1: Ground out 6-3 (Groundball, 6, EV 80.0 MPH)
|
| Bottom of the 10th over - 0 runs, 0 hits, 0 errors, 0 left on base; Colorado (EL) 8 - Pensacola 7 |
|